 Dungeon Crawl Stone Soup version 0.29.1-2-gbd0b4ee654 (webtiles) character file.

Game seed: 14160456566932224935

32 qeuew the Sneak (level 3, -5/16 HPs)
             Began as a Spriggan Enchanter on Nov 11, 2022.
             Slain by an ogre
             ... wielding a +0 giant club
              (20 damage)
             ... on level 2 of the Dungeon.
             The game lasted 00:03:22 (1190 turns).

qeuew the Sneak (Spriggan Enchanter)                Turns: 1190, Time: 00:03:23

Health: -5/16      AC:  2    Str:  4    XL:     3   Next: 8%
Magic:  2/8        EV: 18    Int: 16    God:
Gold:   42         SH:  0    Dex: 17    Spells: 6/8 levels left

rFire   . . .      SeeInvis +   a - +1 dagger
rCold   . . .      Faith    .   (no shield)
rNeg    . . .      Spirit   .   b - +0 robe
rPois   .          Reflect  .   (helmet restricted)
rElec   .          Harm     .   (no cloak)
rCorr   .          Rampage  .   (gloves unavailable)
Will    .....                   (boots unavailable)
Stlth   +++.......              (no amulet)
HPRegen 0.05/turn               (no ring)
MPRegen 0.11/turn               (no ring)

@: very slightly contaminated, very quick
A: very small, no large weapons, unfitting armour, see invisible, speed 3
a: no special abilities


You were on level 2 of the Dungeon.
You visited 1 branch of the dungeon, and saw 2 of its levels.

You collected 52 gold pieces.
You spent 10 gold pieces at shops.

Inventory:

Hand Weapons
 a - a +1 dagger (weapon)
Missiles
 i - a throwing net
Armour
 b - a +0 robe (worn)
Potions
 c - 2 potions of invisibility


   Skills:
 + Level 1.7 Short Blades
 + Level 3.2 Dodging
 + Level 4.9 Stealth
 + Level 3.1 Spellcasting
 + Level 4.0 Hexes


You had 6 spell levels left.
You knew the following spells:

 Your Spells              Type           Power      Damage    Failure   Level
a - Ensorcelled Hibernat  Hex/Ice        16%        N/A       12%         2

Your spell library contained the following spells:

 Spells                   Type           Power      Damage    Failure   Level
 Confusing Touch          Hex            15%        N/A       11%         3
 Tukima's Dance           Hex            15%        N/A       11%         3
 Dazzling Flash           Conj/Hex       16%        N/A       24%         3


Dungeon Overview and Level Annotations

Branches:
Dungeon (2/15)

Altars:

Shops:
D:1 *


Innate Abilities, Weirdness & Mutations

You are very small and have problems with some larger weapons.
You are too small for most types of armour.
You have supernaturally acute eyesight. (SInv)
You cover ground extremely quickly. (Speed+++)


Message History

What level of the Dungeon? (default 1, ? - help)
There is a stone staircase leading down here.
You climb downwards.
There is a stone staircase leading up here.
There is a stone staircase leading up here.
You see here a +2 dagger of venom.
An orc and an ogre come into view.
There are monsters nearby!
Found 4 curare-tipped darts.
The orc shouts!
You hit the orc.
The orc is moderately wounded.
You barely miss the orc.
The orc is moderately wounded.
The orc misses you.
You hit the orc but do no damage.
The orc is moderately wounded.
The orc closely misses you.
You hit the orc.
The orc is severely wounded.
The orc completely misses you.
You hit the orc.
The orc is almost dead.
The orc hits you with a +0 short sword.
You closely miss the orc.
The orc is almost dead.
The orc misses you.
An adder comes into view.
You closely miss the orc.
The adder hisses angrily.
You punch the orc.
You kill the orc!
The ogre resists with some effort.
The ogre misses you.
You miscast Ensorcelled Hibernation.
You are very lightly contaminated with residual magic.
Nothing appears to happen.
The ogre resists with some effort.
The ogre hits you with a +0 giant club!!
Ouch! That really hurt!
You die...

..##... #.##...#
#.##...# #.##...#
.S.....# #.##.#.#
#######O##.#.###
...(...@.....).######
#######.##...........
#....?........######
#.#######.....#
##.....####
#.......<.#
#.#..####.#####.
...#..# #.......
.......# #######.


You could see an ogre and an adder.

Vanquished Creatures
  A gnoll (D:1)
  An orc (D:2)
  A bat (D:1)
  An endoplasm (D:1)
  A giant cockroach (D:1)
  3 goblins (D:1)
  4 hobgoblins (D:1)
  A quokka (D:1)
  A frilled lizard (D:1)
  A kobold (D:1)
  4 rats (D:1)
19 creatures vanquished.

Notes
Turn   | Place    | Note
-------+----------+-------------------------------------------
     0 | D:1      | qeuew the Spriggan Enchanter began the quest for the Orb.
     0 | D:1      | Reached XP level 1. HP: 9/9 MP: 5/5
   119 | D:1      | Found Yroinnum's General Store.
   396 | D:1      | Bought a potion of degeneration for 10 gold pieces
   578 | D:1      | Reached XP level 2. HP: 13/13 MP: 6/6
   581 | D:1      | Learned a level 2 spell: Ensorcelled Hibernation
  1093 | D:1      | Reached XP level 3. HP: 16/16 MP: 8/8
  1178 | D:2      | Noticed an ogre
  1190 | D:2      | Slain by an ogre

Illustrated notes

Levels and vault maps discovered:
D:1:      minmay_arrival_loop, layout_rooms, serial_shops, shop
D:2:      layout_loops_ring, uniq_sigmund

Skill      XL: |  1  2 |
---------------+-------+-----
Dodging        | 3 |  3.2
Spellcasting   | 3 |  3.1
Hexes          | 4 |  4.0
Short Blades   | |  1.7
Stealth        | |  4.9

Action                   || total
-------------------------++-------
Melee: Dagger            ||    68
       Punch             ||     1
 Cast: Ensorcelled Hiber ||     4
  Use: Scroll            ||     3
       Potion            ||     2
 Stab: Sleeping          ||     3
       Distracted        ||     1
Armor: Robe              ||     6
Dodge: Dodged            ||    53
